[Event "8th Mersin Open 2024"]
[Site "Mersin"]
[Date "2024.11.14"]
[Round "7"]
[White "Schekachikhin, Maksim"]
[Black "Baradaran Tamadon, Arian"]
[Result "1/2-1/2"]
[ECO "E05"]
[WhiteElo "2353"]
[BlackElo "2323"]
[Annotator "RC"]
[PlyCount "176"]
[EventDate "2024.11.10"]
[EventType "swiss"]
[EventCountry "TUR"]
[SourceTitle "playchess.com"]
[Source "ChessBase"]
[SourceQuality "1"]
[TimeControl "5400+30"]

1. c4 e6 2. g3 d5 3. Bg2 Nf6 4. Nf3 Be7 5. O-O O-O 6. d4 dxc4 7. Qc2 a6 8. a4 Bd7 9. Rd1 Bc6 10. Bg5 b5 11. Bxf6 Bxf6 12. Nc3 bxa4 13. Nxa4 g6 14. Nc5 Qe7 15. Qxc4 Rd8 16. e3 Bd5 17. Qc2 a5 18. Qc3 Nd7 19. Nxd7 Qxd7 20. Ne5 Bxe5 21. dxe5 Qb5 22. Bxd5 Rxd5 23. Rxd5 Qxd5 24. Qxc7 Kg7 25. Rc1 a4 26. Qd6 Ra5 27. Rc8 Qxd6 28. exd6 Rd5 29. Rc6 Rd2 30. Rb6 Kf6 31. Rb4 e5 32. d7 Ke7 33. Rxa4 Rxb2 34. Ra5 Rd2 35. Rxe5+ Kf6 36. Ra5 Rxd7 37. Kg2 Rd2 38. g4 h6 39. h4 Rb2 40. Kg3 Rc2 41. f4 Kg7 42. h5 gxh5 43. Rxh5 Re2 44. Kf3 Re1 45. Ra5 Rh1 46. Ke4 Re1 47. Ra3 Kf6 48. Kf3 Rf1+ 49. Kg2 Re1 50. Kf2 Rh1 51. e4 Rh2+ 52. Kg3 Rh1 53. e5+ Kg7 54. Ra7 Re1 55. Kf2 Re4 56. Kf3 Re1 57. Rd7 Kg8 58. Rd3 Kh8 59. Re3 Rg1 60. Re2 Kg8 61. Rg2 Re1 62. Rh2 Kg7 63. Rh5 Kg6 64. Rf5 Rg1 65. Rf6+ Kg7 66. Rc6 Re1 67. Kf2 Re4 68. Rf6 Rb4 69. Ke3 Rc4 70. Rd6 Ra4 71. Rd4 Ra1 72. Ke4 Ra7 73. Kf5 Rb7 74. Rd5 Re7 75. Rc5 Kf8 76. Rc6 Kg7 77. Rc8 Re6 78. Rc7 Rb6 79. Re7 Rb5 80. Rd7 Ra5 81. Rc7 Rb5 82. Ke4 Rb4+ 83. Kf5 Rb5 84. Ra7 Rb6 85. Re7 Rb5 86. g5 hxg5 87. Kxg5 Rc5 88. f5 Rxe5 1/2-1/2

[Event "8th Mersin Open 2024"]
[Site "Mersin"]
[Date "2024.11.14"]
[Round "7"]
[White "Aliyev, Ravan"]
[Black "Ebrahimi Herab, Hamidreza"]
[Result "1/2-1/2"]
[ECO "A16"]
[WhiteElo "2338"]
[BlackElo "2386"]
[Annotator "RC"]
[PlyCount "99"]
[EventDate "2024.11.10"]
[EventType "swiss"]
[EventCountry "TUR"]
[SourceTitle "playchess.com"]
[Source "ChessBase"]
[SourceQuality "1"]
[TimeControl "5400+30"]

1. c4 Nf6 2. Nc3 d5 3. cxd5 Nxd5 4. g3 g6 5. Bg2 Nb6 6. d3 Bg7 7. Be3 N8d7 8. Qd2 h6 9. Nf3 Nf6 10. h3 c6 11. O-O Bf5 12. Kh2 g5 13. Nd4 Bc8 14. Nb3 a5 15. a4 Nbd5 16. Bc5 b6 17. Bd4 Be6 18. Nxd5 Bxd5 19. Qc2 Bxg2 20. Kxg2 Rc8 21. e4 c5 22. Bc3 c4 23. Nd4 Nxe4 24. dxe4 Bxd4 25. Rfd1 e5 26. Qd2 O-O 27. Bxd4 exd4 28. Qxd4 Qxd4 29. Rxd4 Rfd8 30. Rad1 Rxd4 31. Rxd4 c3 32. bxc3 Rxc3 33. Rd6 Kg7 34. Rxb6 Rc4 35. Kf3 Rxa4 36. Ra6 h5 37. e5 Ra2 38. Ke3 a4 39. h4 g4 40. Kf4 Rxf2+ 41. Kg5 Rf3 42. Kxh5 Rxg3 43. Rxa4 Re3 44. Rxg4+ Kh7 45. Rg5 Re4 46. Rf5 Kg7 47. Rg5+ Kh7 48. Rf5 Kg7 49. Kg5 Rxe5 50. Rxe5 1/2-1/2

[Event "8th Mersin Open 2024"]
[Site "Mersin"]
[Date "2024.11.14"]
[Round "7"]
[White "Mammadova, Gulnar"]
[Black "Karabulut, Etka"]
[Result "1-0"]
[ECO "C10"]
[WhiteElo "2328"]
[BlackElo "2024"]
[Annotator "RC"]
[PlyCount "95"]
[EventDate "2024.11.10"]
[EventType "swiss"]
[EventCountry "TUR"]
[SourceTitle "playchess.com"]
[Source "ChessBase"]
[SourceQuality "1"]
[TimeControl "5400+30"]

1. e4 e6 2. d4 d5 3. Nc3 dxe4 4. Nxe4 Nd7 5. g3 Ngf6 6. Nxf6+ Nxf6 7. Bg2 Be7 8. Nf3 O-O 9. O-O c6 10. c3 Qc7 11. Qe2 Rd8 12. Re1 Bd7 13. Ne5 Be8 14. Bf4 Qb6 15. Nc4 Qa6 16. a4 Rac8 17. b4 Nd5 18. Bd2 b6 19. a5 Qb7 20. Ne5 Qb8 21. Reb1 Bd6 22. Nd3 Ne7 23. h4 Qc7 24. a6 Nf5 25. h5 Bf8 26. Be4 f6 27. Nf4 Bf7 28. Bc2 Qd6 29. Re1 Re8 30. Qd3 g6 31. hxg6 hxg6 32. g4 Ne7 33. Bb3 e5 34. Bxf7+ Kxf7 35. dxe5 Qxd3 36. Nxd3 Rcd8 37. Re3 Bh6 38. f4 Bxf4 39. Nxf4 Rxd2 40. exf6 Kxf6 41. Rf1 Kg5 42. Ne6+ Kh4 43. c4 Ng8 44. g5 Rd4 45. Kf2 Rd2+ 46. Kf3 Rh2 47. Re4+ Kh3 48. Nf4+ 1-0

[Event "8th Mersin Open 2024"]
[Site "Mersin"]
[Date "2024.11.14"]
[Round "7"]
[White "Koksal, Ege"]
[Black "Pourramezan chafjiri, Parsa"]
[Result "1-0"]
[ECO "A48"]
[WhiteElo "2316"]
[BlackElo "2081"]
[Annotator "RC"]
[PlyCount "96"]
[EventDate "2024.11.10"]
[EventType "swiss"]
[EventCountry "TUR"]
[SourceTitle "playchess.com"]
[Source "ChessBase"]
[SourceQuality "1"]
[TimeControl "5400+30"]

1. Nf3 Nf6 2. d4 g6 3. Bf4 Bg7 4. e3 d6 5. h3 O-O 6. Be2 c5 7. c3 b6 8. Nbd2 cxd4 9. O-O Nc6 10. exd4 Re8 11. Nc4 b5 12. Ne3 Qb6 13. Bh2 e5 14. a4 exd4 15. cxd4 Ba6 16. Bxd6 Nxd4 17. Qxd4 Qxd4 18. Nxd4 Ne4 19. Nxb5 Nxd6 20. Nxd6 Bxe2 21. Nxe8 Bxf1 22. Nxg7 Be2 23. Re1 Bd3 24. Rd1 Be4 25. Rd4 Bc6 26. Ngf5 gxf5 27. Nxf5 Be8 28. a5 f6 29. b4 Ba4 30. Nd6 a6 31. Ne4 Kf7 32. Rd6 f5 33. Rf6+ Kg7 34. Rxf5 Rb8 35. Nc5 Bb5 36. Rd5 Re8 37. Rd6 Re1+ 38. Kh2 Rf1 39. Kg3 Rg1 40. f3 h5 41. h4 Rb1 42. Rxa6 Rxb4 43. Rb6 Ra4 44. a6 Kh7 45. Rb7+ Kg6 46. a7 Kh6 47. Kf2 Kg6 48. Ke3 Kh6 1-0

[Event "8th Mersin Open 2024"]
[Site "Mersin"]
[Date "2024.11.14"]
[Round "7"]
[White "Zeynalli, Rashad"]
[Black "Mahmudzade, Yunis"]
[Result "1-0"]
[ECO "B01"]
[WhiteElo "2300"]
[BlackElo "2065"]
[Annotator "ChessBase"]
[PlyCount "99"]
[EventDate "2024.11.10"]
[EventType "swiss"]
[EventCountry "TUR"]
[SourceTitle "playchess.com"]
[Source "ChessBase"]
[SourceQuality "1"]
[TimeControl "5400+30"]

1. e4 d5 2. exd5 Nf6 3. Nf3 Nxd5 4. d4 Bg4 5. c4 Bxf3 6. Qxf3 Nb4 7. Qb3 e5 8. a3 N4c6 9. Qxb7 Nxd4 10. Qxa8 Nc2+ 11. Ke2 Nxa1 12. Nd2 Nc2 13. Nb3 Be7 14. g3 O-O 15. Bg2 Qd7 16. Rd1 Qa4 17. Qf3 Nc6 18. Qxc6 Qxb3 19. Qe4 Nd4+ 20. Rxd4 exd4 21. Qxe7 Qc2+ 22. Bd2 Qxc4+ 23. Ke1 Qb5 24. Qxc7 Re8+ 25. Kd1 Qxb2 26. Bd5 Qb1+ 27. Qc1 Qb5 28. Qc4 Qd7 29. Bc6 Qc8 30. f3 Rd8 31. Bg5 Rd6 32. Bd5 Qxc4 33. Bxc4 Rc6 34. Bf1 Rc3 35. Be7 Rxf3 36. Be2 Rb3 37. Kd2 h6 38. Bd3 Rb2+ 39. Bc2 Rb5 40. a4 Re5 41. Bd6 Rd5 42. Bb4 a5 43. Ba3 d3 44. Bb3 Rd8 45. Bc4 h5 46. Bb2 Rb8 47. Bc3 Rb1 48. Bd5 h4 49. gxh4 g6 50. Kxd3 1-0

[Event "8th Mersin Open 2024"]
[Site "Mersin"]
[Date "2024.11.14"]
[Round "7"]
[White "Odeev, Handszar"]
[Black "Khalili, Saeid"]
[Result "1-0"]
[ECO "D41"]
[WhiteElo "2264"]
[BlackElo "2066"]
[Annotator "RC"]
[PlyCount "59"]
[EventDate "2024.11.10"]
[EventType "swiss"]
[EventCountry "TUR"]
[SourceTitle "playchess.com"]
[Source "ChessBase"]
[SourceQuality "1"]
[TimeControl "5400+30"]

1. e4 e5 2. Nf3 Nf6 3. Nxe5 d6 4. Nf3 Nxe4 5. d3 Nf6 6. d4 d5 7. c4 c6 8. Nc3 Be7 9. Bd3 O-O 10. O-O Nbd7 11. cxd5 Nxd5 12. Nxd5 cxd5 13. Qb3 Nf6 14. Re1 b6 15. Ne5 Bb7 16. Bg5 h6 17. Bh4 Qd6 18. a3 a6 19. Bc2 Rfe8 20. Bxf6 Qxf6 21. Re3 Qd6 22. Qd3 g6 23. Rf3 Bf6 24. Nxf7 Kxf7 25. Qxg6+ Ke7 26. Re1+ Kd7 27. Bf5+ Kc7 28. Rc3+ Bc6 29. Rxe8 Rxe8 30. Qxe8 1-0

[Event "8th Mersin Open 2024"]
[Site "Mersin"]
[Date "2024.11.14"]
[Round "7"]
[White "Sanz Wawer, Daniel"]
[Black "Lobanov, Sergei"]
[Result "0-1"]
[ECO "E14"]
[WhiteElo "2254"]
[BlackElo "2503"]
[Annotator "RC"]
[PlyCount "73"]
[EventDate "2024.11.10"]
[EventType "swiss"]
[EventCountry "TUR"]
[SourceTitle "playchess.com"]
[Source "ChessBase"]
[SourceQuality "1"]
[TimeControl "5400+30"]

1. d4 Nf6 2. Nf3 d5 3. c4 e6 4. e3 Be7 5. b3 O-O 6. Bd3 b6 7. O-O Bb7 8. Nbd2 c5 9. dxc5 bxc5 10. Bb2 Nbd7 11. cxd5 exd5 12. Qc2 h6 13. Rfd1 Bd6 14. Nf1 Rc8 15. Ng3 d4 16. Bf5 Rc7 17. Ne4 Ne5 18. Nxe5 Bxe5 19. Ng3 Qa8 20. exd4 cxd4 21. Qd2 Rd8 22. Bh3 Ne4 23. Nxe4 Bxe4 24. Rac1 Rxc1 25. Rxc1 Bf6 26. Rd1 a5 27. g3 a4 28. bxa4 Qxa4 29. a3 Rb8 30. Re1 Bg6 31. Rc1 Kh7 32. Bg2 Bg5 33. f4 Bf6 34. g4 Qb3 35. f5 Bg5 36. fxg6+ fxg6 37. Qe1 0-1

[Event "8th Mersin Open 2024"]
[Site "Mersin"]
[Date "2024.11.14"]
[Round "7"]
[White "Abbasi Abeluie, Mohammad Mehdi"]
[Black "Ikonnikov, Vyacheslav"]
[Result "1/2-1/2"]
[ECO "E68"]
[WhiteElo "2218"]
[BlackElo "2465"]
[Annotator "RC"]
[PlyCount "71"]
[EventDate "2024.11.10"]
[EventType "swiss"]
[EventCountry "TUR"]
[SourceTitle "playchess.com"]
[Source "ChessBase"]
[SourceQuality "1"]
[TimeControl "5400+30"]

1. c4 Nf6 2. g3 g6 3. Bg2 Bg7 4. Nf3 d6 5. d4 Nbd7 6. O-O O-O 7. Nc3 e5 8. e4 Re8 9. h3 a5 10. Re1 exd4 11. Nxd4 Nc5 12. Qc2 Nfd7 13. Be3 a4 14. Ndb5 Nb6 15. Rad1 Bd7 16. b3 axb3 17. axb3 Qb8 18. f4 Bf8 19. Bxc5 dxc5 20. e5 Bc6 21. Nd5 Nxd5 22. Bxd5 Qc8 23. g4 Bxb5 24. cxb5 c6 25. bxc6 bxc6 26. Bc4 Ra7 27. f5 gxf5 28. gxf5 Kh8 29. Qf2 Rd7 30. Qh4 Rxe5 31. Rxd7 Rxe1+ 32. Qxe1 Qxd7 33. Qe5+ Kg8 34. Qg3+ Bg7 35. Qb8+ Bf8 36. Qg3+ 1/2-1/2

[Event "8th Mersin Open 2024"]
[Site "Mersin"]
[Date "2024.11.14"]
[Round "7"]
[White "Zerey, Demhat"]
[Black "Jinan Jomon"]
[Result "1-0"]
[ECO "D02"]
[WhiteElo "2194"]
[BlackElo "2342"]
[Annotator "RC"]
[PlyCount "108"]
[EventDate "2024.11.10"]
[EventType "swiss"]
[EventCountry "TUR"]
[SourceTitle "playchess.com"]
[Source "ChessBase"]
[SourceQuality "1"]
[TimeControl "5400+30"]

1. d4 d5 2. Nf3 Nf6 3. Bf4 c5 4. e3 Nc6 5. Nbd2 cxd4 6. exd4 Bf5 7. Bb5 a6 8. Bxc6+ bxc6 9. O-O e6 10. c4 dxc4 11. Qa4 Qb6 12. Rfc1 Nd5 13. Bg3 Nb4 14. Nxc4 Qb5 15. Qd1 Rd8 16. a4 Qb7 17. Qb3 Be4 18. Ncd2 Bd5 19. Qe3 Be7 20. Ne4 O-O 21. Nc5 Qa7 22. Ne5 Rfe8 23. a5 f6 24. Ned3 Nxd3 25. Nxd3 Qb7 26. Nf4 Bf8 27. Nxd5 Rxd5 28. Rc2 Qd7 29. h3 c5 30. Rac1 Rxd4 31. Qe2 Qb7 32. f3 Ra4 33. Be1 e5 34. Rc4 Qb5 35. b3 Ra3 36. Qd1 Rxb3 37. Bf2 Rb2 38. Qd5+ Kh8 39. Qf7 Rd8 40. Rh4 Qe2 41. Rf1 c4 42. Rxc4 h6 43. Rg4 Qc2 44. Kh2 Qb3 45. Qg6 Rdd2 46. Bc5 Qb8 47. Be3 Rd7 48. Rc1 e4+ 49. Bf4 Bd6 50. Qxe4 Bxf4+ 51. Qxf4 Qxf4+ 52. Rxf4 Rdd2 53. Rg4 h5 54. Rg3 Rd7 1-0

[Event "8th Mersin Open 2024"]
[Site "Mersin"]
[Date "2024.11.14"]
[Round "7"]
[White "Atis, Hasan"]
[Black "Gurbanov, Ismayil"]
[Result "1-0"]
[ECO "C72"]
[WhiteElo "2167"]
[BlackElo "2261"]
[Annotator "RC"]
[PlyCount "125"]
[EventDate "2024.11.10"]
[EventType "swiss"]
[EventCountry "TUR"]
[SourceTitle "playchess.com"]
[Source "ChessBase"]
[SourceQuality "1"]
[TimeControl "5400+30"]

1. e4 e5 2. Nf3 Nc6 3. Bb5 a6 4. Ba4 d6 5. O-O Bd7 6. c3 g5 7. d4 g4 8. Ne1 Bh6 9. Be3 Bxe3 10. fxe3 Qg5 11. Qe2 O-O-O 12. Nd2 Nh6 13. Nc2 Rhf8 14. b4 f5 15. exf5 Nxf5 16. e4 Nh4 17. g3 Ng6 18. d5 Nb8 19. Bb3 h5 20. Qe3 Qe7 21. Qh6 Rg8 22. Ne3 h4 23. Nf5 Bxf5 24. exf5 hxg3 25. hxg3 Nf8 26. f6 Qh7 27. Qxh7 Nxh7 28. Bc2 Ng5 29. Bf5+ Nd7 30. Kg2 Rdf8 31. Bxg4 Rg6 32. f7 Rxf7 33. Rxf7 Nxf7 34. Bf5 Rg7 35. Ne4 Kd8 36. Rh1 Nb6 37. Be6 Ke7 38. Nd2 Ng5 39. Rh6 Na4 40. c4 Nc3 41. a3 Ne2 42. Bg4 Nd4 43. Bc8 b6 44. Bxa6 Nc2 45. Bc8 e4 46. Nf1 e3 47. Bg4 Rf7 48. Kg1 Rg7 49. Bd1 Rf7 50. Rg6 Nf3+ 51. Bxf3 Rxf3 52. Re6+ Kf7 53. a4 e2 54. Rxe2 Rc3 55. Rf2+ Kg6 56. Rf4 Nxb4 57. Kg2 Rc2+ 58. Kh3 Nd3 59. Rg4+ Kf6 60. Rd4 Nf2+ 61. Kh4 Ke5 62. Rf4 Re2 63. Nh2 1-0

[Event "8th Mersin Open 2024"]
[Site "Mersin"]
[Date "2024.11.14"]
[Round "7"]
[White "Kazimova, Narmin"]
[Black "Tirpan, Ceren"]
[Result "1-0"]
[ECO "B38"]
[WhiteElo "2155"]
[BlackElo "2053"]
[Annotator "RC"]
[PlyCount "155"]
[EventDate "2024.11.10"]
[EventType "swiss"]
[EventCountry "TUR"]
[SourceTitle "playchess.com"]
[Source "ChessBase"]
[SourceQuality "1"]
[TimeControl "5400+30"]

1. Nf3 c5 2. c4 Nc6 3. d4 cxd4 4. Nxd4 g6 5. e4 Bg7 6. Be3 Nf6 7. Nc3 d6 8. Be2 O-O 9. O-O Bd7 10. Qd2 Rc8 11. f3 a6 12. Rac1 Nxd4 13. Bxd4 Be6 14. b3 Qa5 15. Be3 Rfd8 16. f4 Bg4 17. Bd3 Bd7 18. h3 Bc6 19. f5 Rf8 20. Nd5 Qxd2 21. Nxe7+ Kh8 22. Bxd2 Rce8 23. Nxc6 bxc6 24. Rce1 Nd7 25. g4 Bd4+ 26. Kg2 Kg7 27. Bc2 f6 28. h4 Ne5 29. g5 c5 30. Bd1 Rf7 31. Be2 Nd7 32. Bg4 Ne5 33. Kh3 Nd3 34. Re2 Rfe7 35. Rf3 Nb2 36. Bc1 Nd1 37. gxf6+ Bxf6 38. fxg6 hxg6 39. Re1 Nb2 40. Rxf6 Nd3 41. Rff1 Nxe1 42. Rxe1 Rxe4 43. Rf1 Re1 44. Rxe1 Rxe1 45. Bf4 Rh1+ 46. Kg3 Rg1+ 47. Kf3 Ra1 48. Bxd6 Rxa2 49. Bxc5 Kf7 50. Bd7 Rd2 51. Bc8 a5 52. Bb6 Rd3+ 53. Ke4 Rxb3 54. Bxa5 Rb8 55. Bd7 Rh8 56. Be1 Ke7 57. Bg4 Kd6 58. Kd4 Kc6 59. Bf3+ Kb6 60. c5+ Kb5 61. c6 Rg8 62. Bg3 g5 63. hxg5 Rxg5 64. c7 Rg8 65. Bb7 Kb6 66. c8=Q Rxc8 67. Bxc8 Kc6 68. Kc4 Kb6 69. Bd6 Kc6 70. Bc5 Kc7 71. Ba6 Kd7 72. Kd5 Kc7 73. Bb5 Kb7 74. Kd6 Kc8 75. Kc6 Kd8 76. Kb6 Kc8 77. Be7 Kb8 78. Ba6 1-0

[Event "8th Mersin Open 2024"]
[Site "Mersin"]
[Date "2024.11.14"]
[Round "7"]
[White "Biriya, Mohammadamin"]
[Black "Primbetov, Kazbek"]
[Result "1-0"]
[ECO "E11"]
[WhiteElo "2139"]
[BlackElo "2059"]
[Annotator "RC"]
[PlyCount "69"]
[EventDate "2024.11.10"]
[EventType "swiss"]
[EventCountry "TUR"]
[SourceTitle "playchess.com"]
[Source "ChessBase"]
[SourceQuality "1"]
[TimeControl "5400+30"]

1. d4 Nf6 2. c4 e6 3. Nf3 Bb4+ 4. Bd2 a5 5. g3 O-O 6. Bg2 d5 7. Qc1 Nbd7 8. O-O dxc4 9. Bxb4 axb4 10. Qxc4 Ra4 11. Rc1 c6 12. Nbd2 Qe7 13. Ne5 Qd6 14. Ndf3 Nb6 15. Qb3 Ra6 16. Nd3 Nbd5 17. Nc5 Ra7 18. e4 b6 19. e5 Qd8 20. exf6 bxc5 21. fxg7 Kxg7 22. Rxc5 Bd7 23. Ne5 Qb6 24. Qf3 Be8 25. Bf1 f5 26. Nd3 f4 27. Qg4+ Bg6 28. Ne5 Rf6 29. Bg2 Rf5 30. Bxd5 cxd5 31. Rac1 Kh6 32. Qh4+ Bh5 33. g4 Rg7 34. h3 Rgg5 35. Kh2 1-0

[Event "8th Mersin Open 2024"]
[Site "Mersin"]
[Date "2024.11.14"]
[Round "7"]
[White "Bayramov, Vugar"]
[Black "Golshaani, Taha"]
[Result "1-0"]
[ECO "A34"]
[WhiteElo "2133"]
[BlackElo "2026"]
[Annotator "RC"]
[PlyCount "91"]
[EventDate "2024.11.10"]
[EventType "swiss"]
[EventCountry "TUR"]
[SourceTitle "playchess.com"]
[Source "ChessBase"]
[SourceQuality "1"]
[TimeControl "5400+30"]

1. d4 Nf6 2. Nf3 g6 3. c4 Bg7 4. Nc3 d5 5. cxd5 Nxd5 6. Bg5 Nxc3 7. bxc3 c5 8. e3 O-O 9. Be2 Nd7 10. O-O Re8 11. Qb3 Qc7 12. Bc4 e6 13. Bf4 Qa5 14. Rab1 Qd8 15. Rfd1 Qe7 16. a4 b6 17. d5 Nf6 18. d6 Qb7 19. a5 Bd7 20. Ne5 Rab8 21. a6 Qc8 22. Nxd7 Nxd7 23. Bb5 h6 24. Qa4 Rd8 25. c4 Kh7 26. h3 Ne5 27. Qc2 Nd7 28. Qe4 Kg8 29. Rd2 Re8 30. Rbd1 f5 31. Qc2 Rf8 32. Qd3 Rf7 33. Qe2 Qd8 34. Bg3 e5 35. f3 Qf6 36. Qd3 h5 37. Qd5 Rd8 38. Qc6 Nb8 39. Qc7 Qg5 40. Bf2 Bf8 41. d7 Qf6 42. Qxa7 Be7 43. Qc7 Nxa6 44. Bxa6 g5 45. Bb7 Kh7 46. Qc6 1-0

[Event "8th Mersin Open 2024"]
[Site "Mersin"]
[Date "2024.11.14"]
[Round "7"]
[White "Mohannad, Farhan"]
[Black "Ughuzov, Ravan"]
[Result "0-1"]
[ECO "E11"]
[WhiteElo "2115"]
[BlackElo "2047"]
[Annotator "RC"]
[PlyCount "106"]
[EventDate "2024.11.10"]
[EventType "swiss"]
[EventCountry "TUR"]
[SourceTitle "playchess.com"]
[Source "ChessBase"]
[SourceQuality "1"]
[TimeControl "5400+30"]

1. d4 Nf6 2. Nf3 e6 3. c4 Bb4+ 4. Bd2 Qe7 5. g3 Nc6 6. Bg2 Bxd2+ 7. Nbxd2 d6 8. O-O O-O 9. e4 e5 10. d5 Nb8 11. b4 a5 12. a3 c6 13. Qb3 cxd5 14. cxd5 b5 15. h3 Bd7 16. Rfc1 Qd8 17. Qe3 axb4 18. axb4 Na6 19. Rab1 Qb8 20. Ne1 Rc8 21. Nd3 Ne8 22. f4 f6 23. Kh2 Qa7 24. Qxa7 Rxa7 25. Rxc8 Bxc8 26. Rc1 Rc7 27. Rxc7 Nexc7 28. Nb3 Kf7 29. Kg1 Na8 30. Na5 Nb6 31. fxe5 fxe5 32. Nc6 Nc4 33. Kf2 Bd7 34. Na7 Ke7 35. Bf3 Nd2 36. Bg2 Kd8 37. Ke1 Nb3 38. g4 Kc7 39. g5 Nd4 40. Kd2 Nb8 41. h4 Kb6 42. Nc6 Bxc6 43. dxc6 Nbxc6 44. Ke3 Nc2+ 45. Kd2 N2xb4 46. Nf2 Nd8 47. Bh3 Nbc6 48. Bf5 g6 49. h5 Ne7 50. Ng4 Nf7 51. Nf6 Nxg5 52. Nxh7 Nxh7 53. hxg6 Nf6 0-1

[Event "8th Mersin Open 2024"]
[Site "Mersin"]
[Date "2024.11.14"]
[Round "7"]
[White "Akkara, Omer"]
[Black "Turker, Esat Tuna"]
[Result "1/2-1/2"]
[ECO "D14"]
[WhiteElo "2103"]
[BlackElo "2050"]
[Annotator "RC"]
[PlyCount "140"]
[EventDate "2024.11.10"]
[EventType "swiss"]
[EventCountry "TUR"]
[SourceTitle "playchess.com"]
[Source "ChessBase"]
[SourceQuality "1"]
[TimeControl "5400+30"]

1. d4 d5 2. c4 c6 3. cxd5 cxd5 4. Nf3 Nc6 5. Nc3 Nf6 6. Bf4 Bf5 7. e3 Qb6 8. Qb3 Qxb3 9. axb3 e6 10. Bb5 Nd7 11. O-O Be7 12. Ra4 Nb6 13. Ra2 f6 14. Rfa1 Kf7 15. Bxc6 bxc6 16. Rxa7 Rxa7 17. Rxa7 Ra8 18. Rxa8 Nxa8 19. Ne1 Nb6 20. Kf1 Nd7 21. f3 e5 22. Bg3 Bg6 23. Ke2 Ke6 24. Nd3 Bd6 25. Bf2 h5 26. h3 e4 27. fxe4 Bxe4 28. Nxe4 dxe4 29. Nc1 Nb6 30. Na2 Nd5 31. Nc3 f5 32. Nxd5 cxd5 33. Bh4 Kd7 34. Bg5 Kc6 35. Kd2 Kb5 36. Kc2 Bg3 37. Kc3 Be1+ 38. Kc2 Bg3 39. Kd2 Kb4 40. Kc2 Kb5 41. Be7 g6 42. Kd1 h4 43. Ke2 f4 44. exf4 Bxf4 45. Bxh4 Kb4 46. Be1+ Kxb3 47. Bc3 Bg3 48. Ke3 Kc2 49. Ke2 Kb3 50. Kd2 Bf4+ 51. Ke1 Bg3+ 52. Kd1 Bf4 53. g4 Bg5 54. Ke2 Bf6 55. Kd1 g5 56. Ke2 Kc4 57. Bd2 Kb3 58. Bc3 Kc4 59. Bd2 Be7 60. Be3 Kb3 61. Bf2 Kxb2 62. Bg3 Kc3 63. Be5 Kc4 64. Ke3 Ba3 65. Kd2 Bb4+ 66. Ke3 Be7 67. Kd2 Kb3 68. Bg7 Bd8 69. Be5 Ba5+ 70. Ke2 Bd8 1/2-1/2

[Event "8th Mersin Open 2024"]
[Site "Mersin"]
[Date "2024.11.14"]
[Round "7"]
[White "Uzdemir, Ali Poyraz"]
[Black "Bicer, Atakan Mert"]
[Result "1/2-1/2"]
[ECO "B55"]
[WhiteElo "2081"]
[BlackElo "2342"]
[Annotator "RC"]
[PlyCount "98"]
[EventDate "2024.11.10"]
[EventType "swiss"]
[EventCountry "TUR"]
[SourceTitle "playchess.com"]
[Source "ChessBase"]
[SourceQuality "1"]
[TimeControl "5400+30"]

1. e4 c5 2. Nf3 d6 3. d4 cxd4 4. Nxd4 Nf6 5. f3 e5 6. Nb3 d5 7. Bg5 d4 8. c3 Nc6 9. Bb5 Qb6 10. Bxc6+ bxc6 11. cxd4 Ba6 12. dxe5 Nd7 13. Qd4 Qxd4 14. Nxd4 Nxe5 15. Nc3 h6 16. Be3 Nd3+ 17. Kd2 Nxb2 18. Kc2 Nc4 19. Bf4 Bc5 20. Rad1 O-O 21. Na4 Be7 22. Nxc6 Bf6 23. Nb4 g5 24. Nd5 Bg7 25. Bg3 Rac8 26. Ne7+ Kh7 27. Nxc8 Rxc8 28. Kb3 Na5+ 29. Kb4 Nc6+ 30. Ka3 Na5 31. Kb4 Nb7 32. Rc1 Bf8+ 33. Kb3 Na5+ 34. Kb2 Bg7+ 35. Ka3 Bf8+ 36. Kb2 Nc4+ 37. Kb3 Nd2+ 38. Kb2 Bg7+ 39. Ka3 Nc4+ 40. Kb4 Bf8+ 41. Kb3 Na5+ 42. Kb2 Nc4+ 43. Kb3 Rc6 44. Rhd1 Na5+ 45. Kb2 Nc4+ 46. Kb3 Na5+ 47. Kb2 Nc4+ 48. Kb3 Na5+ 49. Kb2 Nc4+ 1/2-1/2

[Event "8th Mersin Open 2024"]
[Site "Mersin"]
[Date "2024.11.14"]
[Round "7"]
[White "Saygin, Nurettin"]
[Black "Cheng, Bindi"]
[Result "1/2-1/2"]
[ECO "A65"]
[WhiteElo "2066"]
[BlackElo "2368"]
[Annotator "RC"]
[PlyCount "76"]
[EventDate "2024.11.10"]
[EventType "swiss"]
[EventCountry "TUR"]
[SourceTitle "playchess.com"]
[Source "ChessBase"]
[SourceQuality "1"]
[TimeControl "5400+30"]

1. d4 Nf6 2. c4 c5 3. d5 g6 4. Nc3 Bg7 5. e4 d6 6. Nge2 O-O 7. Ng3 e6 8. Be2 a6 9. a4 exd5 10. cxd5 Nbd7 11. O-O Rb8 12. Be3 Ne8 13. Qd2 Nc7 14. Bh6 b5 15. Bxg7 Kxg7 16. axb5 axb5 17. f4 b4 18. Nd1 Re8 19. f5 h6 20. Ne3 Ne5 21. Rf4 Nb5 22. Raf1 g5 23. f6+ Kh7 24. R4f2 Nd4 25. Nef5 Bxf5 26. Nxf5 Nxf5 27. Rxf5 Rg8 28. Bh5 c4 29. h4 gxh4 30. Qf4 h3 31. Rxe5 hxg2 32. Re7 Rg5 33. Bxf7 Kh8 34. Re8+ Qxe8 35. Bxe8 Rxe8 36. Qxd6 Rxe4 37. Qf8+ Kh7 38. Qf7+ Kh8 1/2-1/2

[Event "8th Mersin Open 2024"]
[Site "Mersin"]
[Date "2024.11.14"]
[Round "7"]
[White "Gulsoy, Mustafa Alpago"]
[Black "Dogan, Nazmi Can"]
[Result "1/2-1/2"]
[ECO "B00"]
[WhiteElo "2040"]
[BlackElo "2218"]
[Annotator "RC"]
[PlyCount "120"]
[EventDate "2024.11.10"]
[EventType "swiss"]
[EventCountry "TUR"]
[SourceTitle "playchess.com"]
[Source "ChessBase"]
[SourceQuality "1"]
[TimeControl "5400+30"]

1. e4 Nc6 2. Nf3 d6 3. d4 Nf6 4. Nc3 g6 5. h3 Bg7 6. Bc4 Nxe4 7. Bxf7+ Kxf7 8. Nxe4 d5 9. Ng3 e5 10. dxe5 Nxe5 11. Nxe5+ Bxe5 12. f4 Bg7 13. O-O Rf8 14. Qd3 Kg8 15. c3 d4 16. c4 Bf5 17. Nxf5 gxf5 18. Bd2 Qd7 19. Rf3 Rfe8 20. g4 Re4 21. Kf2 Rae8 22. Rg1 Kh8 23. gxf5 Bf6 24. Rg4 Qxf5 25. Rfg3 h5 26. Rg6 Kh7 27. Qf3 Re2+ 28. Qxe2 Rxe2+ 29. Kxe2 Qe4+ 30. Kf2 d3 31. Be3 Bd4 32. Bxd4 Qxf4+ 33. Kg2 Qxd4 34. R6g5 Qe4+ 35. Kh2 Kh6 36. Rd5 Qxc4 37. Rgxd3 Qxa2 38. Rd2 Qc4 39. R5d4 Qe6 40. Rd8 Qe5+ 41. Kg2 a5 42. R8d5 Qe4+ 43. Kf2 Qf4+ 44. Kg2 h4 45. R5d3 a4 46. Re2 Qc4 47. Rde3 Qd5+ 48. Re4 Kg7 49. Kh2 Qd6+ 50. Kh1 Qd1+ 51. Kh2 Qd6+ 52. Kg1 Qc5+ 53. Rf2 Kg6 54. Rxh4 b5 55. Rg4+ Kh5 56. Rgf4 Kg6 57. Kg2 Qd5+ 58. Kg3 Qe5 59. Kg2 Qd5+ 60. Kg3 Qe5 1/2-1/2

[Event "8th Mersin Open 2024"]
[Site "Mersin"]
[Date "2024.11.14"]
[Round "7"]
[White "Mahdavi, Armin"]
[Black "Hasirci, Ozgur Deniz"]
[Result "1/2-1/2"]
[ECO "B53"]
[WhiteElo "2038"]
[BlackElo "2128"]
[Annotator "RC"]
[PlyCount "97"]
[EventDate "2024.11.10"]
[EventType "swiss"]
[EventCountry "TUR"]
[SourceTitle "playchess.com"]
[Source "ChessBase"]
[SourceQuality "1"]
[TimeControl "5400+30"]

1. e4 c5 2. Nf3 d6 3. Bb5+ Nd7 4. d4 cxd4 5. Qxd4 e6 6. O-O a6 7. Bxd7+ Bxd7 8. Nc3 Nf6 9. Bg5 Bc6 10. Rad1 Be7 11. Nd2 b5 12. Nb3 e5 13. Qe3 Rc8 14. Bxf6 Bxf6 15. a3 Be7 16. Rfe1 O-O 17. Re2 f5 18. exf5 Rxf5 19. Nd5 Bxd5 20. Rxd5 Qc7 21. Qh3 Rcf8 22. Nd4 R5f6 23. Qb3 Kh8 24. Nf3 Qc8 25. Nd2 Qg4 26. f3 Qh5 27. Rd3 Rh6 28. Nf1 Bd8 29. a4 Bb6+ 30. Kh1 Qh4 31. Qd5 Qxa4 32. Ra3 Qf4 33. Ra1 Qg5 34. Re4 Bc5 35. Rg4 Qf5 36. Re4 Qc8 37. c3 Rhf6 38. Qa2 Qc6 39. Ng3 Ra8 40. Rh4 Rxf3 41. Qb1 h6 42. Qg6 Qb7 43. Nf5 Rf8 44. Rxh6+ gxh6 45. Qxh6+ Kg8 46. Qg6+ Kh8 47. Qh6+ Kg8 48. Qg6+ Kh8 49. gxf3 1/2-1/2